 Dungeon Crawl Stone Soup version 0.27.0-66-gdc8fb28755 (webtiles) character file.

Game seed: 14971910404015128405

408 robertstho the Ruffian (level 6, 0/61 HPs)
             Began as a Troll Delver on Aug 19, 2021.
             Slain by a jelly (1 damage)
             ... on level 4 of the Dungeon.
             The game lasted 00:02:13 (599 turns).

robertstho the Ruffian (Troll Delver)                Turns: 599, Time: 00:02:15

Health: 0/61       AC:  0    Str: 23    XL:     6   Next: 57%
Magic:  5/5        EV: 10    Int:  6    God:
Gold:   65         SH:  0    Dex: 11    Spells: 5/5 levels left

rFire    . . .     SeeInvis +     - Unarmed
rCold    . . .     Faith    .   (no shield)
rNeg     . . .     Spirit   .   a - +0 robe
rPois    .         Reflect  .   (helmet restricted)
rElec    .         Harm     .   (no cloak)
rCorr    .         Rampage  .   (gloves unavailable)
Will     +....                  (boots unavailable)
Stlth    ++........             (no amulet)
HPRegen  1.20/turn              g - ring of see invisible
MPRegen  0.09/turn              i - ring of willpower

@: brilliant, lethally poisoned (0 -> 0), corroded, flying
A: large, unfitting armour, claws 3, regeneration 1, shaggy fur 1, tough skin 1
a: no special abilities


You were on level 4 of the Dungeon.
You visited 1 branch of the dungeon, and saw 2 of its levels.

You collected 65 gold pieces.

Inventory:

Missiles
 m - 2 throwing nets (quivered)
Armour
 a - a +0 robe (worn)
Jewellery
 g - a ring of see invisible (left claw)
 i - a ring of willpower (right claw)
Wands
 f - a wand of digging (3)
Scrolls
 b - a scroll of fog
 c - 2 scrolls of magic mapping
 d - a scroll of fear
 k - 2 scrolls of enchant weapon {unknown}
 n - a scroll of identify {unknown}
Potions
 e - a potion of haste
 h - a potion of flight
 l - a potion of resistance {unknown}


   Skills:
 * Level 3.5 Fighting
 + Level 2.0 Dodging
 + Level 4.0 Stealth
 * Level 4.2 Unarmed Combat


You had 5 spell levels left.
You didn't know any spells.
Your spell library contained the following spells:

 Spells                   Type           Power      Damage    Failure   Level
 Slow                     Hex            0%         N/A       58%         2
 Confusing Touch          Hex            0%         N/A       83%         3
 Yara's Violent Unravell  Hex/Tmut       0%         3d3       100%        5


Dungeon Overview and Level Annotations

Branches:
Dungeon (5/15)
 Temple: D:4-7

Altars:

Shops:
D:5 [


Innate Abilities, Weirdness & Mutations

You are too large for most types of armour.
You have claws for hands.
Your natural rate of healing is unusually fast.
You are covered in fur. (AC +1)
You have tough skin. (AC +1)


Message History

You feel very sick.
You see here a scroll labelled WUIXYST IJUMA.
n - a scroll labelled WUIXYST IJUMA You feel sick.
The kobold throws a poisoned dart.
The poisoned dart hits you!
You are more poisoned.
The jelly hits you. The acid corrodes you!
You are splashed with acid!
You scratch the jelly but do no damage.
Your claws burn!
You feel very sick. The jelly closely misses you.
You scratch the jelly.
Your claws burn!
The jelly is moderately wounded.
You feel very sick.
The kobold hits you with a +0 short sword.
The jelly hits you.
You are splashed with acid!
You are too injured to fight recklessly!
You are too injured to fight recklessly!
You are too injured to fight recklessly!
Sorry, you're not good enough to have a special ability.
Sorry, you're not good enough to have a special ability.
You scratch the jelly.
Your claws burn!
The jelly is moderately wounded.
You feel sick. The kobold barely misses you. The jelly closely misses you.
You scratch the jelly.
Your claws burn!
* * * LOW HITPOINT WARNING * * *
The jelly is heavily wounded.
You feel sick. The kobold closely misses you. The jelly barely misses you.
It was a potion of flight.
You feel very buoyant.
You fly up into the air.
You feel sick. The kobold closely misses you. The jelly hits you.
* * * LOW HITPOINT WARNING * * *
You are splashed with acid.
* * * LOW HITPOINT WARNING * * *
It was a potion of brilliance.
You feel clever all of a sudden.
You feel sick.
The kobold hits you with a +0 short sword.
* * * LOW HITPOINT WARNING * * *
The jelly hits you.
You die...

##......# #...###
#......###.#.#
#........#.#..#
####....[..##.#
#.......# . ####
#.......#
#..$######.......#
#..........###)#.#
#....K@........#.###
#.....J..............
#...........|..#.####
#........##....#...
#...####.#####.# ###
.(... ... .... ######
##.## #.### #.# .. #


You could see a jelly and a kobold.

Vanquished Creatures
  A hornet zombie (D:5)
  A necrophage (D:5)
  A phantom (D:5)
  A scorpion (D:5)
  A centaur skeleton (D:4)
  A scorpion zombie (D:5)
  A hound skeleton (D:4)
  A howler monkey skeleton (D:4)
  An ufetubus (D:5)
  2 worms (D:4)
  A dart slug (D:5)
  4 orcs
  A giant cockroach (D:4)
  A kobold (D:4)
  A quokka (D:4)
  A goblin (D:4)
20 creatures vanquished.

Notes
Turn   | Place    | Note
-------+----------+-------------------------------------------
     0 | D:5      | robertstho the Troll Delver began the quest for the Orb.
     0 | D:5      | Reached XP level 1. HP: 22/22 MP: 0/0
    18 | D:5      | Noticed a phantom
    28 | D:5      | Killed a phantom
    29 | D:5      | Reached XP level 2. HP: 23/29 MP: 1/1
    29 | D:5      | Reached XP level 3. HP: 28/36 MP: 2/2
    29 | D:5      | Reached XP level 4. HP: 35/44 MP: 3/3
   106 | D:5      | Noticed a scorpion
   111 | D:5      | Killed a scorpion
   112 | D:5      | Reached XP level 5. HP: 53/53 MP: 4/4
   120 | D:5      | Found Etesyoru's Antique Armour Boutique.
   126 | D:5      | Noticed a necrophage
   137 | D:5      | Killed a necrophage
   328 | D:5      | Reached XP level 6. HP: 30/61 MP: 5/5
   599 | D:4      | HP: 1/61 [kobold (6)]
   599 | D:4      | Slain by a jelly

Illustrated notes

Levels and vault maps discovered:
D:4:      layout_basic
D:5:      layout_loops_ring, lemuel_zombie_altar_yredelemnul, serial_shops,
          nicolae_shop_trees

Skill      XL: |  1  2  3  4  5  6 |
---------------+-------------------+-----
Stealth        | 3 4 |  4.0
Fighting       | 3 |  3.5
Unarmed Combat | 3 4 |  4.2
Dodging        | 2 |  2.0

Action                   |  1- 3 |  4- 6 || total
-------------------------+-------+-------++-------
Melee: Unarmed           |     7 |    76 ||    83
       Punch             |       |     2 ||     2
  Use: Potion            |       |     2 ||     2
 Stab: Sleeping          |       |     2 ||     2
Armor: Robe              |     2 |    17 ||    19
Dodge: Dodged            |     1 |    43 ||    44
